 Dungeon Crawl Stone Soup version 0.28.0-53-g5a82cb258f (webtiles) character file.

Game seed: 13057343969072706500

2296 cbfl8 the Cleaver (level 9, -2/80 HPs)
             Began as a Hill Orc Fighter on July 21, 2022.
             Was an Initiate of Beogh.
             Succumbed to a killer bee's poison
             ... on level 7 of the Dungeon.
             The game lasted 00:13:03 (8637 turns).

cbfl8 the Cleaver (Hill Orc Fighter)                Turns: 8637, Time: 00:13:04

Health: -2/80      AC: 12    Str: 18 (21) XL:     9   Next: 40%
Magic:  1/12       EV:  9    Int:  7 (8)  God:    Beogh [......]
Gold:   398        SH:  4    Dex: 10 (12) Spells: 8/8 levels left

rFire   . . .      SeeInvis .   a - +0 war axe
rCold   . . .      Faith    .   c - +0 buckler
rNeg    . . .      Spirit   +   b - +0 scale mail
rPois   .          Reflect  .   n - +1 hat
rElec   .          Harm     .   u - +1 cloak
rCorr   .          Rampage  .   (no gloves)
Will    .....                   q - +0 pair of boots
Stlth   ..........              h - amulet of guardian spirit
HPRegen 0.23/turn               (no ring)
MPRegen 0.13/turn               (no ring)

@: lethally poisoned (-2 -> -32)
A: no striking features
a: Renounce Religion


You were on level 7 of the Dungeon.
You worshipped Beogh.
Beogh was noncommittal.
You visited 2 branches of the dungeon, and saw 8 of its levels.

You collected 398 gold pieces.

Inventory:

Hand Weapons
 a - a +0 war axe (weapon)
Missiles
 i - a throwing net
 t - 2 silver javelins
 v - 5 javelins
Armour
 b - a +0 scale mail (worn)
 c - a +0 buckler (worn)
 d - a +0 helmet
 n - a +1 hat (worn)
 q - a +0 pair of boots (worn)
 u - a +1 cloak (worn)
Jewellery
 h - an amulet of guardian spirit (around neck)
Wands
 k - a wand of charming (5)
 r - a wand of acid (4) (quivered)
Scrolls
 e - 2 scrolls of torment
 m - a scroll of noise {unknown}
 o - a scroll of vulnerability {unknown}
 p - a scroll of fog {unknown}
 w - a scroll of immolation {unknown}
Potions
 s - 2 potions of degeneration


   Skills:
 * Level 7.6 Fighting
 + Level 8.5 Axes
 + Level 6.5 Armour
 + Level 1.9 Dodging
 + Level 1.1 Stealth
 + Level 4.0 Shields
 * Level 4.4 Invocations
 * Level 4.8 Evocations


You had 8 spell levels left.
You didn't know any spells.
Your spell library contained the following spells:

 Spells                   Type           Power      Damage    Failure   Level
 Shock                    Conj/Air       0%         1d3       86%         1
 Summon Small Mammal      Summ           0%         N/A       86%         1
 Corpse Rot               Necr/Air       0%         N/A       95%         2
 Poisonous Vapours        Pois/Air       0%         N/A       95%         2
 Call Canine Familiar     Summ           0%         N/A       99%         3
 Summon Guardian Golem    Hex/Summ       0%         N/A       99%         3
 Swiftness                Air            0%         N/A       99%         3
 Airstrike                Air            0%         N/A       100%        4


Dungeon Overview and Level Annotations

Branches:
Dungeon (7/15)             Temple (1/1) D:6

Altars:
Cheibriados
Dithmenos
Fedhas
Kikubaaqudgha
Qazlal
Sif Muna
Trog
Uskayaw
Vehumet
Wu Jian
Yredelemnul
The Shining One

Shops:
D:1 !


Message History

The killer bee stings you.
* * * LOW HITPOINT WARNING * * *
You are more poisoned.
The killer bee poisons you! You block the killer bee's attack.
The killer bee closely misses you.
The killer bee stings you but does no damage.
The killer bee stings you!
* * * LOW HITPOINT WARNING * * *
You block the killer bee's attack. The killer bee closely misses you.
It was a potion of heal wounds.
You feel much better.
* * * LOW HITPOINT WARNING * * *
You feel very sick. You block the killer bee's attack.
The killer bee stings you.
* * * LOW HITPOINT WARNING * * *
The killer bee stings you but does no damage. x3
You block the killer bee's attack.
The killer bee stings you but does no damage.
The killer bee stings you.
* * * LOW HITPOINT WARNING * * *
You are more poisoned.
The killer bee poisons you!
As you read the scroll labelled KUBRAR DUAGG, it crumbles to dust.
It is a scroll of identify.
e - 2 scrolls of torment
* * * LOW HITPOINT WARNING * * *
You feel extremely sick. The killer bee stings you.
* * * LOW HITPOINT WARNING * * *
The killer bee barely misses you.
The killer bee stings you but does no damage.
The killer bee barely misses you. The killer bee stings you.
* * * LOW HITPOINT WARNING * * *
You are more poisoned.
The killer bee poisons you! The killer bee closely misses you.
The killer bee stings you but does no damage.
The killer bee barely misses you.
As you read the scroll labelled VECREOT CUIPIO, it crumbles to dust.
You assume a fearsome visage.
The killer bee looks frightened! x4
The orc looks frightened!
It was a scroll of fear.
You die...

##.##
##.##
#8.8#
##.##
##.##
#8.8#
##.##
.######y#
.....)y@#
..!...yy#
.......)#
.####....
.o.##
#... (...
.....


You could see 4 killer bees and an orc (fleeing).

Vanquished Creatures
  6 yaks
  A sky beast (D:6)
  An ice beast (D:6)
  3 ogres (D:5)
  Blork the orc (D:4)
  2 wyvern zombies
  2 scorpions (D:4)
  2 water moccasin skeletons
  4 hounds
  3 jellies
  A bullfrog skeleton (D:5)
  2 orc priests (D:6)
  2 iguanas
  A hound skeleton (D:5)
  Robin (D:2)
  3 howler monkey skeletons
  7 gnolls
  2 adders
  2 white imps
  2 ufetubi
  2 worms (D:2)
  16 orcs
  3 bats
  3 endoplasms
  3 giant cockroaches
  19 goblins
  15 hobgoblins
  2 jackals (D:3)
  2 quokkas
  5 ball pythons
  2 frilled lizards
  5 kobolds
  4 rats
129 creatures vanquished.

Vanquished Creatures (others)
  2 demonic plants (D:1)
  11 fungi (D:4)
  A plant (D:3)
  3 toadstools (D:4)
17 creatures vanquished.

Grand Total: 146 creatures vanquished

Notes
Turn   | Place    | Note
-------+----------+-------------------------------------------
     0 | D:1      | cbfl8 the Hill Orc Fighter began the quest for the Orb.
     0 | D:1      | Reached XP level 1. HP: 19/19 MP: 1/1
   480 | D:1      | Found Toetamao's Distillery.
   557 | D:1      | Reached XP level 2. HP: 24/27 MP: 2/2
   941 | D:1      | Found a faded altar of an unknown god.
   941 | D:1      | Noticed a hellion
  1098 | D:2      | Noticed Robin
  1103 | D:2      | Reached skill level 3 in Axes
  1108 | D:2      | Reached XP level 3. HP: 8/33 MP: 0/3
  1116 | D:2      | HP: 1/33 [hobgoblin[Robin] (2)]
  1129 | D:2      | Killed Robin
  1849 | D:2      | Reached XP level 4. HP: 27/40 MP: 1/4
  2082 | D:2      | Reached skill level 4 in Axes
  2635 | D:3      | Reached XP level 5. HP: 47/47 MP: 3/5
  3260 | D:4      | Found a radiant altar of Vehumet.
  3312 | D:4      | Reached skill level 1 in Evocations
  3687 | D:4      | Reached skill level 5 in Axes
  3687 | D:4      | Reached XP level 6. HP: 42/55 MP: 6/6
  3866 | D:4      | Noticed Blork the orc
  3877 | D:4      | Killed Blork the orc
  3878 | D:4      | Reached skill level 1 in Dodging
  4065 | D:4      | Reached skill level 5 in Fighting
  4410 | D:4      | Became a worshipper of Beogh the Brigand
  4420 | D:4      | Reached skill level 6 in Axes
  4420 | D:4      | Reached XP level 7. HP: 41/61 MP: 7/7
  4933 | D:4      | Found a shadowy altar of Dithmenos.
  5070 | D:5      | Entered Level 5 of the Dungeon
  5089 | D:5      | Reached skill level 5 in Armour
  5606 | D:5      | Reached skill level 7 in Axes
  5606 | D:5      | Reached XP level 8. HP: 33/70 MP: 4/8
  5889 | D:5      | Reached skill level 1 in Invocations
  6199 | D:6      | Noticed a yak
  6199 | D:6      | Noticed a yak
  6199 | D:6      | Noticed a yak
  6200 | D:6      | Noticed a yak
  6200 | D:6      | Noticed a yak
  6200 | D:6      | Noticed a yak
  6224 | D:5      | Killed a yak
  6810 | D:6      | Found an ancient bone altar of Kikubaaqudgha.
  6813 | D:6      | Found a blossoming altar of Fedhas.
  6819 | D:6      | Found an ornate altar of the Wu Jian Council.
  6819 | D:6      | Found a snail-covered altar of Cheibriados.
  6820 | D:6      | Found a stormy altar of Qazlal.
  6913 | D:6      | Found a staircase to the Ecumenical Temple.
  7102 | D:6      | Reached skill level 1 in Stealth
  7653 | Temple   | Entered the Ecumenical Temple
  7659 | Temple   | Killed a yak
  7812 | Temple   | Killed a yak
  7813 | Temple   | Reached skill level 8 in Axes
  7813 | Temple   | Reached XP level 9. HP: 42/79 MP: 6/11
  8637 | D:7      | Succumbed to a killer bee's poison

Illustrated notes

Levels and vault maps discovered:
D:1:      amcnicky_arrival_wind_blow, layout_basic,
          dreamdust_ecumenical_altar_sealed_demon, serial_shops, shop,
          grunt_decor_clamped, chequers_hall_statues_y
D:2:      cheibrodos_greedy_goblins, layout_basic, nrook_campfire,
          grunt_decor_cap, st_stairs_10, uniq_robin
D:3:      layout_loops_ring, serial_bayou, serial_bayou_ford_a,
          serial_bayou_shore_a, serial_bayou_lagoon_b, serial_bayou_shore_b
D:4:      nicolae_cairo_tiling_very_big, layout_rooms,
          nicolae_dithmenos_through_a_glass_darkly,
          mainiacjoe_overflow_concentric_impassable, minmay_gold_behind_fungi,
          uniq_blork_the_orc
D:5:      layout_basic
D:6:      layout_basic, minitemple, minmay_temple_entry_statues_pillars,
          grunt_ministairs_6
D:7:      layout_loops_cross, nicolae_hepliaklqana_hazy_memory,
          mainiacjoe_overflow_tiny_flanked, gammafunk_ghost_hive,
          dk_noncrumbling_2
Temple:   compressed_dpeg_triangle_lava_temple

Skill      XL: |  1  2  3  4  5  6  7  8  9 |
---------------+----------------------------+-----
Axes           | 3 4 5 6 7 8 |  8.5
Armour         | 4 5 6 |  6.5
Fighting       | 4 5 6 7 |  7.6
Evocations     | 1 2 3 4 |  4.8
Dodging        | 1 |  1.9
Invocations    | 3 4 |  4.4
Stealth        | 1 |  1.1
Shields        | 4 |  4.0

Action                   |  1- 3 |  4- 6 |  7- 9 || total
-------------------------+-------+-------+-------++-------
Melee: War axe           |    77 |   171 |   190 ||   438
Throw: Throwing net      |       |       |     1 ||     1
Invok: Convert to Beogh  |       |     1 |       ||     1
Evoke: Wand              |       |       |     7 ||     7
  Use: Potion            |     2 |     1 |     3 ||     6
       Scroll            |       |       |     2 ||     2
 Stab: Distracted        |       |       |     1 ||     1
Armor: Scale mail        |    48 |    82 |   107 ||   237
Dodge: Dodged            |    41 |    72 |    99 ||   212
Block: Buckler           |    17 |    32 |    49 ||    98
